AoeStats
← christoph_dixi

Arabia

509410163Analyzed
1v1 RM · 6d ago on Sep 26, 2026· 44m 54s· 2 players
Game mode
Random Map
Map size
Tiny (2 player)
Population
200
Speed
Normal
Resources
Standard
Victory
Conquest
Starting age
Dark Age
Ending age
Imperial Age
RankedLock teamsTeams togetherTeam positionsShared explorationLock speedFull tech treeHidden civsTurbo modeCheats
Victory
Defeat
🇩🇪 Sicilians · Germany
879
+15
🇺🇸 Varangians · United States
849
-15
Thatonedude
7:24 Loom
9:35 Feudal Age
9:51 Man-at-Arms
10:31 Double-Bit Axe
10:28 Horse Collar
22:35 Castle Age
23:04 Crossbowman
37:40 Fletching
37:56 Padded Archer Armor
38:47 Elite Skirmisher
42:15 Bodkin Arrow
42:35 Leather Archer Armor
43:30 Scale Barding Armor
christoph_dixi
7:09 Loom
10:18 Feudal Age
12:56 Scale Mail Armor
13:10 Fletching
21:51 Horse Collar
21:59 Double-Bit Axe
22:08 Gold Mining
22:10 Stone Mining
26:32 Castle Age
27:19 Padded Archer Armor
27:19 Bodkin Arrow
27:58 Bow Saw
27:22 Crossbowman
27:28 Crossbowman
33:16 Chain Mail Armor
41:01 Wheelbarrow
40:14 Town Watch
43:20 Imperial Age
43:12 Hand Cart
43:45 Arbalester
44:34 Bracer
44:36 Padded Archer Armor
Connection lost

Rejoining the realm…

Still unreachable

The connection could not be restored.

Session expired

The server has moved on; the page needs a fresh start.